 Dungeon Crawl Stone Soup version 0.30-a0-172-gc5509c9e31 (webtiles) character file.

Game seed: 13508337445766894944

56 blackman the Cudgeller (level 3, -2/28 HPs)
             Began as a Demigod Wanderer on Oct 2, 2022.
             Slain by a gnoll
             ... wielding a +2 flail of protection
              (6 damage)
             ... on level 1 of the Dungeon.
             The game lasted 00:03:51 (1599 turns).

blackman the Cudgeller (Demigod Wanderer)           Turns: 1599, Time: 00:03:52

Health: -2/28      AC: 12    Str: 12    XL:     3   Next: 48%
Magic:  6/6        EV:  6    Int: 12    God:
Gold:   66         SH:  0    Dex: 20    Spells: 4/4 levels left

rFire   . . .      SeeInvis .    a - +0 flail
rCold   . . .      Faith    .    (no shield)
rNeg    . . .      Spirit   .    l - +0 chain mail
rPois   .          Reflect  .    n - +2 helmet
rElec   .          Harm     .    i - +0 cloak
rCorr   .          Rampage  .    (no gloves)
Will    .....                    (no boots)
Stlth   ..........               (no amulet)
HPRegen 0.24/turn                (no ring)
MPRegen 0.10/turn                (no ring)

@: no status effects
A: high MP 1, forlorn, divine attributes, camouflage 1, robust 1
a: no special abilities


You were on level 1 of the Dungeon.
You visited 1 branch of the dungeon, and saw 2 of its levels.

You collected 66 gold pieces.

Inventory:

Hand Weapons
 a - a +0 flail (weapon)
Armour
 d - a +0 robe
 i - a +0 cloak (worn)
 l - a +0 chain mail (worn)
 n - a +2 helmet (worn)
Jewellery
 f - a ring of flight
Scrolls
 b - a scroll of silence {unknown}
 c - a scroll of vulnerability
 g - 2 scrolls of magic mapping {unknown}
 j - 6 scrolls of identify {unknown}
 o - a scroll of torment {unknown}
 p - a scroll of fear {unknown}
Potions
 e - a potion of cancellation {unknown}
 m - a potion of mutation


   Skills:
 * Level 3.1 Long Blades
 - Level 4.5 Maces & Flails
 - Level 2.6 Dodging
 - Level 1.0 Spellcasting
 - Level 1.0 Conjurations


You had 4 spell levels left.
You didn't know any spells.
Your spell library contained the following spells:

 Spells                   Type           Power      Damage    Failure   Level
 Searing Ray              Conj           6%         2d4       100%        2
 Static Discharge         Conj/Air       2%         2-3/arc   100%        2
 Animate Dead             Necr           0%         N/A       100%        4
 Borgnjor's Vile Clutch   Necr/Erth      0%         N/A       100%        5
 Death Channel            Necr           0%         N/A       100%        6


Dungeon Overview and Level Annotations

Branches:
Dungeon (2/15)

Shops:
D:1 *


Innate Abilities, Weirdness & Mutations

You have an increased reservoir of magic. (+10% MP)
You shall have no god before yourself.
Your divine heritage dramatically boosts your attributes as you level up.
Your skin changes colour to match your surroundings (Stealth+).
You are robust. (+10% HP)


Message History

Unknown command.
It was a potion of heal wounds.
You feel much better. The gnoll hits you with a +0 spear.
The gnoll hits you with a +2 flail of protection.
The gnoll attacks as you move away! The gnoll hits you with a +0 spear.
The gnoll hits you from afar with a +0 spear.
The gnoll hits you but does no damage.
Unknown command.
The gnoll hits you but does no damage. The gnoll hits you with a +0 spear.
You sock the gnoll!
The gnoll is heavily wounded.
The gnoll hits you with a +0 spear.
You hit the gnoll.
The gnoll is almost dead.
The gnoll hits you but does no damage. x2
You hit the gnoll.
You kill the gnoll!
Your Long Blades skill increases to level 3!
You hit the gnoll.
The gnoll is moderately wounded.
The gnoll hits you with a +2 flail of protection.
You hit the gnoll.
The gnoll is heavily wounded.
The gnoll hits you but does no damage.
You barely miss the gnoll.
The gnoll is heavily wounded.
The gnoll hits you but does no damage.
You barely miss the gnoll.
The gnoll is heavily wounded.
The gnoll hits you with a +2 flail of protection.
You closely miss the gnoll.
The gnoll is heavily wounded.
The gnoll hits you with a +2 flail of protection!
* * * LOW HITPOINT WARNING * * *
The gnoll hits you but does no damage.
You completely miss the gnoll.
The gnoll is heavily wounded.
The gnoll hits you with a +2 flail of protection.
You die...

≈.~~~~.#......#
~.~~~~.#.#.##.#
~.~~~~.#....#.#
≈.~≈≈≈.#......#
~.≈~~~.#.#########
...≈~P.#.........#
.......#########.#
.<.....# #.#
.......# #@#
...~~P.# #g#
~.~~~≈.# #.#
~.~≈≈≈.# #.#
~.~~~~.# #.#
≈.~~~~.## #.#
~.~~~~..# #.#
~.≈~~~..# #.#
~.~≈≈~..# #.#


You could see a gnoll.

Vanquished Creatures
  A gnoll (D:1)
  An adder (D:1)
  4 bats
  3 endoplasms
  A giant cockroach (D:2)
  A goblin (D:2)
  2 hobgoblins (D:1)
  4 jackals (D:2)
  2 kobolds
  2 quokkas
  7 ball pythons
  4 frilled lizards (D:1)
  3 rats
35 creatures vanquished.

Vanquished Creatures (others)
  2 plants (D:2)
2 creatures vanquished.

Grand Total: 37 creatures vanquished

Notes
Turn   | Place    | Note
-------+----------+-------------------------------------------
     0 | D:1      | blackman the Demigod Wanderer began the quest for the Orb.
     0 | D:1      | blackman set off with the following items: a +0 flail, a +0
                  | helmet, a scroll of vulnerability, a +0 robe; and the
                  | following spells available to memorise: Searing Ray, Static
                  | Discharge.
     0 | D:1      | Reached XP level 1. HP: 14/14 MP: 4/4
   147 | D:1      | Reached skill level 1 in Long Blades
   372 | D:1      | Reached XP level 2. HP: 20/20 MP: 5/5
   671 | D:1      | Found Ruilan's General Store.
  1163 | D:2      | Reached XP level 3. HP: 26/26 MP: 6/6
  1515 | D:1      | Gained mutation: Your skin changes colour to match your
                  | surroundings (Stealth+). [potion of mutation]
  1515 | D:1      | Gained mutation: You are robust. (+10% HP) [potion of
                  | mutation]
  1599 | D:1      | Slain by a gnoll

Illustrated notes

Levels and vault maps discovered:
D:1:      giann_bridges, layout_basic, serial_shops, nicolae_shop_crystal,
          minmay_split_cup_small
D:2:      layout_basic, shapermc_ecumenical_altar_venn, nicolae_grassy_gnolls

Skill      XL: |  1  2  3 |
---------------+----------+-----
Long Blades    | 1 2 3 |  3.1
Maces & Flails | |  4.5
Dodging        | |  2.6
Spellcasting   | |  1.0
Conjurations   | |  1.0

Action                   || total
-------------------------++-------
Melee: Flail             ||   149
       Punch             ||     1
  Use: Potion            ||     3
Armor: Robe              ||    19
       Chain mail        ||    83
Dodge: Dodged            ||    85

Table legend: (Time is in decaauts)
 A = Elapsed time spent in this place.
 B = Non-inter-level travel time spent in this place.
 C = Inter-level travel time spent in this place.
 D = Time resting spent in this place.
 E = Time spent auto-exploring this place.
 F = Levels seen in this place.
 G = Mean time per level.
                   A        B        C        D        E       F      G
               +--------+--------+--------+--------+--------+-----+--------+
         Total |   1625 |   1579 |     46 |    252 |    908 |   2 |  812.5 |
       Dungeon |   1625 |   1579 |     46 |    252 |    908 |   2 |  812.5 |
               +--------+--------+--------+--------+--------+-----+--------+

Top non-repeatable levels by time:
     D:1: 1351 daAuts
     D:2: 274 daAuts
